 Dungeon Crawl Stone Soup version 0.31-a0-232-gb1c03b2570 (webtiles) character file.

Game seed: 12342389137095969098

71 qw the Shooter (level 4, -3/36 HPs)
             Began as a Minotaur Hexslinger on July 6, 2023.
             Slain by Robin
             ... wielding a +0 spear
              (4 damage)
             ... on level 2 of the Dungeon.
             The game lasted 00:00:28 (888 turns).

qw the Shooter (Minotaur Hexslinger)                 Turns: 888, Time: 00:00:29

Health: -3/36      AC:  3    Str: 13    XL:     4   Next: 5%
Magic:  4/4        EV: 12    Int: 10    God:
Gold:   67         SH:  0    Dex: 14    Spells: 4/5 levels left

rFire   + . .        Y - +1 sling
rCold   . . .        (no shield)
rNeg    + . .        i - +0 leather armour
rPois   .            (helmet restricted)
rElec   .            (no cloak)
rCorr   .            (no gloves)
SInv    .            (no boots)
Will    .....        (no amulet)
Stlth   +            g - ring of protection from fire
HPRegen 0.26/turn    j - ring of positive energy
MPRegen 0.09/turn

%: no passive effects
@: no status effects
A: horns 2, retaliatory headbutt
a: no special abilities


You were on level 2 of the Dungeon.
You visited 1 branch of the dungeon, and saw 2 of its levels.

You collected 67 gold pieces.


Innate Abilities, Weirdness & Mutations

You have a pair of horns on your head.
You reflexively headbutt those who attack you in melee.


   Skills:
 - Level 2.1 Fighting
 + Level 4.5 Ranged Weapons
 - Level 2.1 Dodging
 - Level 1.0 Spellcasting
 - Level 2.0 Hexes


You had 4 spell levels left.
You knew the following spells:

 Your Spells              Type           Power      Damage    Failure   Level
a - Slow                  Hex            16%        N/A       19%         1

Your spell library contained the following spells:

 Spells                   Type           Power      Damage    Failure   Level
 Inner Flame              Hex/Fire       2%         N/A       65%         3
 Portal Projectile        Hex/Tloc       4%         N/A       65%         3
 Cause Fear               Hex            2%         N/A       88%         4

Inventory:

Hand Weapons
 Y - a +1 sling (weapon)
Armour
 i - a +0 leather armour (worn)
Jewellery
 g - a ring of protection from fire (left hand)
 h - a ring of ice
 j - a ring of positive energy (right hand)
Scrolls
 b - a scroll of identify {unknown}
Potions
 a - a potion of brilliance {unknown}
 l - a potion of degeneration {unknown}

Dungeon Overview and Level Annotations

Branches:
Dungeon (2/15)

Altars:

Shops:
D:1 *

Annotations:
D:2 Robin


Message History

Robin barely misses you. The goblin hits you but does no damage.
You shoot a sling bullet. The sling bullet hits the goblin.
You kill the goblin!
Robin throws the goblin at you! The goblin hits you but does no damage.
You have reached level 4!
You feel stronger.
You shoot a sling bullet.
The sling bullet closely misses the goblin.
The goblin hits you with a +2 vampiric dagger.
Robin throws the goblin at you!
The goblin unwields a +0 club.
The goblin wields a +0 sling.
The goblin shoots a sling bullet.
The sling bullet barely misses you.
The goblin hits you with a +0 dagger. x2
The goblin barely misses you. x2; You furiously retaliate!
You headbutt the goblin.
You kill the goblin!
Robin misses you. The goblin barely misses you. You furiously retaliate!
You headbutt the goblin. You shoot a sling bullet.
The sling bullet hits the goblin.
You kill the goblin!
The goblin shoots a sling bullet.
The sling bullet hits you. The goblin barely misses you. Robin misses you.
You shoot a sling bullet.
The sling bullet hits the goblin but does no damage.
Robin completely misses you. The goblin hits you with a +0 dagger.
The goblin shoots a sling bullet.
The sling bullet hits you.
You shoot a sling bullet. The sling bullet hits the goblin.
You kill the goblin!
Robin closely misses you.
You shoot a sling bullet. The sling bullet closely misses Robin.
Robin barely misses you.
The goblin shoots a sling bullet.
The sling bullet hits you.
You shoot a sling bullet. The sling bullet hits Robin.
Robin is lightly wounded.
The goblin no longer looks unusually strong.
Robin laughs in a distinctly smug fashion.
Robin throws the goblin at you!
The goblin unwields a +0 sling.
The goblin wields a +0 club.
The goblin barely misses you. You furiously retaliate!
You headbutt the goblin.
You kill the goblin!
Robin hits you from afar with a +0 spear.
You die...

# ### ..#### #....#
..##.# #. ..##.# ###...
..##.#############g.).#
...............)))..#
..##..####### #@# #
#####'##########)#.#
.....).............#
...................#
...................#
...................#
...............###.#
...............# .#
.......>.#....## .#


You could see Robin.

Vanquished Creatures
  2 adders (D:2)
  2 dart slugs (D:1)
  3 ball pythons (D:1)
  4 bats
  An endoplasm (D:2)
  2 giant cockroaches (D:2)
  11 goblins
  6 hobgoblins
  4 jackals (D:1)
  A quokka (D:1)
  2 frilled lizards (D:1)
  4 kobolds
  3 rats (D:1)
45 creatures vanquished.

Notes
Turn   | Place    | Note
-------+----------+-------------------------------------------
     0 | D:1      | qw the Minotaur Hexslinger began the quest for the Orb.
     0 | D:1      | Reached XP level 1. HP: 16/16 MP: 1/1
     0 | D:1      | 0 ||| qw: Version: 0.3-a-46-gb1f654a
     0 | D:1      | 0 ||| qw: Game counter: 2065
     0 | D:1      | 0 ||| qw: Melee chars always use a shield: true
     0 | D:1      | 0 ||| qw: God list: Okawaru
     0 | D:1      | 0 ||| qw: Allow faded altars: false
     0 | D:1      | 0 ||| qw: Do Orc after clearing Dungeon:15 true
     0 | D:1      | 0 ||| qw: Do second Lair branch before Depths: true
     0 | D:1      | 0 ||| qw: Lair rune preference: random
     0 | D:1      | 0 ||| qw: Goals: Normal
     0 | D:1      | 0 ||| PLANNING D:1-11
    32 | D:1      | Reached skill level 3 in Ranged Weapons
    32 | D:1      | Reached XP level 2. HP: 23/23 MP: 2/2
   143 | D:1      | 143 ||| FLEEEEING.
   144 | D:1      | 144 ||| FLEEEEING.
   145 | D:1      | 145 ||| FLEEEEING.
   199 | D:1      | Found a faded altar of an unknown god.
   246 | D:1      | Found Poxuol's General Store.
   255 | D:1      | 255 ||| SHOPLISTING +0 pair of boots (54 gold, have 32).
   255 | D:1      | 255 ||| SHOPLISTING +0 ring mail (48 gold, have 32).
   255 | D:1      | 255 ||| SHOPLISTING potion of mutation (96 gold, have 32).
   301 | D:1      | Reached XP level 3. HP: 29/29 MP: 3/3
   654 | D:1      | 654 ||| UPGRADING to +0 leather armour.
   664 | D:1      | 664 ||| DROPPING +0 robe.
   665 | D:1      | 665 ||| UPGRADING to ring of protection from fire.
   666 | D:1      | 666 ||| UPGRADING to ring of positive energy.
   667 | D:1      | 667 ||| READING scroll labelled POFYORUGG.
   671 | D:1      | 671 ||| READING scroll labelled LOLULIETSAT.
   672 | D:1      | 672 ||| READING scroll labelled YNOXKUCAQO.
   673 | D:1      | 673 ||| READING scroll labelled MAAKHL KOOSEI.
   674 | D:1      | 674 ||| READING scroll labelled BYUXAAMUGGO.
   675 | D:1      | 675 ||| READING scroll labelled CYCIUS BUNLIN.
   723 | D:1      | 723 ||| DROPPING scroll of poison.
   767 | D:2      | Reached skill level 4 in Ranged Weapons
   873 | D:2      | Noticed Robin
   883 | D:2      | Reached XP level 4. HP: 22/36 MP: 4/4
   885 | D:2      | HP: 8/36 [goblin/+0 dagger[Robin] (5)]
   885 | D:2      | HP: 3/36 [goblin/sling bullet[Robin] (5)]
   888 | D:2      | HP: 1/36 [Robin/goblin (1)]
   888 | D:2      | Slain by Robin

Levels and vault maps discovered:
D:1:      dpeg_arrival_round_a, layout_rooms, ebering_ecumenical_altar_box,
          serial_shops, shop
D:2:      layout_basic, uniq_robin

Skill      XL: |  1  2  3 |
---------------+----------+-----
Ranged Weapons | 3 4 |  4.5
Fighting       | 2 |  2.1
Dodging        | |  2.1
Spellcasting   | |  1.0
Hexes          | |  2.0

Action                     |  1- 3 |  4- 6 || total
---------------------------+-------+-------++-------
   Fire: Sling             |   103 |     6 ||   109
    Use: Scroll            |     6 |       ||     6
 Armour: Robe              |     4 |       ||     4
         Leather armour    |     5 |       ||     5
  Dodge: Dodged            |    43 |    11 ||    54

Table legend:
 A = Non-vault XP
 B = Vault XP
 C = Vault XP percentage of total XP
 D = Non-vault monster count
 E = Vault monster count
 F = Vault count percentage of total count
                 A         B        C        D         E       F
            +---------+---------+-------+---------+---------+-------
      Total |      90 |      14 |  13.5 |      37 |       8 |  17.8
            +---------+---------+-------+---------+---------+-------
        D:1 |      51 |       0 |   0.0 |      28 |       0 |   0.0
        D:2 |      39 |      14 |  26.4 |       9 |       8 |  47.1
            +---------+---------+-------+---------+---------+-------
